 Dungeon Crawl Stone Soup version 0.21-a0-404-g291f19a (webtiles) character file.

427 tof the Slasher (level 6, -2/55 HPs)
             Began as a Minotaur Berserker on Oct 29, 2017.
             Was a Priest of Trog.
             Slain by a wight
             ... wielding a +0 long sword
              (9 damage)
             ... on level 4 of the Dungeon.
             The game lasted 00:04:40 (2754 turns).

tof the Slasher (Minotaur Berserker)                Turns: 2754, Time: 00:04:40

Health: -2/55      AC:  5    Str: 23    XL:     6   Next: 65%
Magic:  5/5        EV: 12    Int:  4    God:    Trog [***...]
Gold:   192        SH:  0    Dex: 10    Spells: 5/5 levels left

rFire    . . .     SeeInvis .   j - +0 dagger (venom)
rCold    . . .     Gourm    .   (no shield)
rNeg     . . .     Faith    .   t - +0 ring mail
rPois    .         Spirit   .   (helmet restricted)
rElec    .         Reflect  .   (no cloak)
rCorr    .         Harm     .   (no gloves)
MR       .....                  (no boots)
Stlth    ..........             (no amulet)
HPRegen  0.18/turn              (no ring)
MPRegen  0.09/turn              (no ring)

@: berserk cooldown, slowed, drained, very slow
A: retaliatory headbutt, horns 2
a: Berserk, Trog's Hand, Burn Spellbooks, Renounce Religion


You were on level 4 of the Dungeon.
You worshipped Trog.
Trog was most pleased with you.
You were hungry.

You visited 1 branch of the dungeon, and saw 4 of its levels.

You collected 192 gold pieces.

Inventory:

Hand Weapons
 a - a +0 falchion
 j - a +0 dagger of venom (weapon)
Armour
 t - a +0 ring mail (worn)
Jewellery
 d - a +1 ring of evasion {unknown}
 m - an uncursed amulet of harm {unknown}
 x - an uncursed amulet of harm {unknown}
 y - a cursed -2 ring of intelligence {unknown}
Wands
 b - a wand of paralysis (6/24)
 n - a wand of polymorph (5/24)
Scrolls
 c - 4 scrolls of teleportation {unknown}
 g - 2 scrolls of enchant weapon {unknown}
 k - a scroll of amnesia {unknown}
 l - 2 scrolls of remove curse {unknown}
 o - a scroll of random uselessness {unknown}
 s - a scroll of fear {unknown}
Potions
 e - 2 potions of might {unknown}
 h - 3 potions of haste {unknown}
 i - 2 potions of agility {unknown}
 p - a potion of mutation {unknown}
 u - 2 potions of invisibility {unknown}
 v - a potion of lignification {unknown}
 w - 2 potions of heal wounds {unknown}
 z - a potion of ambrosia {unknown}
Comestibles
 f - 2 bread rations
 q - 3 fruits
 r - a royal jelly


   Skills:
 + Level 4.9(4.1) Fighting
 * Level 5.9(5.1) Long Blades
 + Level 2.4(1.7) Throwing
 + Level 4.1(3.3) Armour
 + Level 3.9(3.1) Dodging


You had 5 spell levels left.
You didn't know any spells.

Dungeon Overview and Level Annotations

Branches:
Dungeon (4/15)
 Temple: D:4-7

Altars:
Cheibriados
Elyvilon
Makhleb
Qazlal
Trog
Uskayaw
Wu Jian


Innate Abilities, Weirdness & Mutations

You reflexively headbutt those who attack you in melee.
You have a pair of horns on your head.


Message History

You barely miss the wight. Your headbutt misses the wight.
The wight is lightly damaged.
The wight hits you with a long sword.
* * * LOW HITPOINT WARNING * * *
You barely miss the wight.
The wight is lightly damaged.
The wight completely misses you.
You hit the wight. Your headbutt misses the wight.
The wight is lightly damaged.
The wight misses you.
You hit the wight.
The wight is moderately damaged.
The wight hits you with a long sword.
* * * LOW HITPOINT WARNING * * *
You feel drained.
* * * LOW HITPOINT WARNING * * *
You barely miss the wight.
The wight is moderately damaged.
The wight hits you with a long sword!
You die...

##....#
##.....#
##......#
##.......##
#.........#
#.......#
#[>....#
#<....#
#@)#)....#
#z## #####
#)#
...........#
#####.....#.#
#.##.## .. ##
#.. #.


You could see a wight.

Vanquished Creatures
  An ogre (D:2)
  2 wights (D:4)
  A hound (D:2)
  An orc wizard (D:3)
  An orc priest (D:3)
  3 gnolls (D:2)
  A howler monkey skeleton (D:3)
  2 adders (D:3)
  An ooze (D:1)
  5 worms
  4 dart slugs
  2 leopard geckos
  12 orcs
  6 giant cockroaches
  6 hobgoblins
  6 jackals (D:1)
  3 ball pythons
  7 bats
  A frilled lizard (D:2)
  7 goblins
  6 kobolds
  7 rats
85 creatures vanquished.

Notes
Turn   | Place    | Note
-------+----------+-------------------------------------------
     0 | D:1      | tof the Minotaur Berserker began the quest for the Orb.
     0 | D:1      | Reached XP level 1. HP: 19/19 MP: 0/0
   153 | D:1      | Reached XP level 2. HP: 19/27 MP: 1/1
   164 | D:1      | Reached skill level 4 in Long Blades
   684 | D:1      | Reached XP level 3. HP: 33/33 MP: 2/2
   835 | D:1      | Reached ** piety under Trog
   859 | D:1      | Reached skill level 1 in Throwing
  1081 | D:2      | Found a faded altar of an unknown god.
  1109 | D:2      | Found a burning altar of Makhleb.
  1116 | D:2      | Reached XP level 4. HP: 28/40 MP: 3/3
  1570 | D:2      | Found a stormy altar of Qazlal.
  1673 | D:2      | Noticed an ogre
  1679 | D:2      | Killed an ogre
  1679 | D:2      | Reached skill level 5 in Long Blades
  1679 | D:2      | Reached XP level 5. HP: 47/47 MP: 4/4
  1980 | D:3      | Reached XP level 6. HP: 29/53 MP: 5/5
  2127 | D:3      | Found a snail-covered altar of Cheibriados.
  2130 | D:3      | Found a bloodstained altar of Trog.
  2131 | D:3      | Found an ornate altar of the Wu Jian Council.
  2134 | D:3      | Found a hide-covered altar of Uskayaw.
  2414 | D:3      | Found a white marble altar of Elyvilon.
  2583 | D:3      | Reached *** piety under Trog
  2754 | D:4      | Slain by a wight

Vault maps used:
D:1:      minmay_arrival_loop, minmay_cupped
D:2:      lemuel_round_altar, chequers_ecumenical_altar_simple,
          makhleb_blood_cavern_becter
D:3:      minitemple, elyvilon_altar_1, grunt_ministairs_9
D:4:      nicolae_ossuary_entry_giza, lightli_sewer_entry_pipes

Skill      XL: |  1  2  3  4  5  6 |
---------------+-------------------+-----
Long Blades    | 4 5 |  5.9
Armour         | 3 4 |  4.1
Throwing       | 1 2 |  2.4
Fighting       | 4 |  4.9
Dodging        | 3 |  3.9

Action                   |  1- 3 |  4- 6 || total
-------------------------+-------+-------++-------
Melee: Falchion          |    42 |       ||    42
       Headbutt          |    11 |    26 ||    37
       Dagger            |    25 |   155 ||   180
Invok: Berserk           |       |     1 ||     1
  Eat: Bread ration      |     1 |       ||     1
       Chunk             |       |     2 ||     2
Armor: Animal skin       |     8 |       ||     8
       Ring mail         |       |    45 ||    45
       Leather armour    |       |     3 ||     3
Dodge: Dodged            |    47 |    99 ||   146
       Rpst.: Falchion   |    11 |       ||    11

Table legend:
 A = Spawn XP
 B = Non-spawn XP
 C = Spawn XP percentage of total XP
 D = Spawn monster count
 E = Non-spawn monster count
 F = Spawn count percentage of total count
 G = Total turns spent on level
                    A         B        C        D         E        F      G
               +---------+---------+-------+---------+---------+-------+---------
         Total |       0 |     611 |   0.0 |       0 |      85 |   0.0 |  2754
               +---------+---------+-------+---------+---------+-------+---------
           D:1 |       0 |      65 |   0.0 |       0 |      31 |   0.0 |  1081
           D:2 |       0 |     253 |   0.0 |       0 |      25 |   0.0 |   781
           D:3 |       0 |     170 |   0.0 |       0 |      24 |   0.0 |   847
           D:4 |       0 |     123 |   0.0 |       0 |       5 |   0.0 |    45
               +---------+---------+-------+---------+---------+-------+---------
